 Dungeon Crawl Stone Soup version 0.22-a0-136-g83a10e5 (webtiles) character file.

50 varam the Thaumaturge (level 3, 0/25 HPs)
             Began as a Gnoll Wanderer on Feb 2, 2018.
             Slain by Natasha (2 damage)
             ... on level 2 of the Dungeon.
             The game lasted 00:05:54 (871 turns).

varam the Thaumaturge (Gnoll Wanderer)               Turns: 871, Time: 00:05:55

Health: 0/25       AC:  2    Str: 15    XL:     3   Next: 79%
Magic:  4/15       EV: 12    Int: 14    God:
Gold:   97         SH:  0    Dex: 14    Spells: 17/24 levels left

rFire    . . .     SeeInvis .   j - -2 dagger (curse)
rCold    . . .     Gourm    .   (no shield)
rNeg     . . .     Faith    .   d - +0 robe
rPois    .         Spirit   .   (no helmet)
rElec    .         Reflect  .   (no cloak)
rCorr    .         Harm     .   (no gloves)
MR       .....                  (no boots)
Stlth    ++........             (no amulet)
HPRegen  0.08/turn              (no ring)
MPRegen  0.14/turn              (no ring)

@: very slightly contaminated, slowed, very slow
A: distributed training, fangs 1, strong nose
a: no special abilities


You were on level 2 of the Dungeon.
You were not hungry.

You visited 1 branch of the dungeon, and saw 2 of its levels.

You collected 97 gold pieces.

Inventory:

Hand Weapons
 e - a +0 club
 j - a cursed -2 dagger (weapon)
 n - a cursed -3 short sword
 o - a cursed -2 dagger
Missiles
 k - 8 tomahawks (quivered)
Armour
 d - a +0 robe (worn)
Scrolls
 g - 5 scrolls of identify {unknown}
 h - 2 scrolls of remove curse {unknown}
 i - 2 scrolls of blinking {unknown}
Potions
 l - 2 potions of curing {unknown}
 m - a potion of degeneration {unknown}
 p - a potion of agility {unknown}
 q - a potion of brilliance {unknown}
Books
 a - a book of Minor Magic

   Spells                             Type                      Level
   a - Magic Dart                     Conjuration                  1
   b - Blink                          Translocation                2
   c - Call Imp                       Summoning                    2
   d - Slow                           Hexes                        2
   e - Conjure Flame                  Conjuration/Fire             3
   f - Mephitic Cloud                 Conjuration/Poison/Air       3
 b - the Tome of Air

   Spells                             Type                      Level
   a - Shock                          Conjuration/Air              1
   b - Static Discharge               Conjuration/Air              3
 c - the Volume of Companions

   Spells                             Type                      Level
   a - Summon Small Mammal            Summoning                    1
   b - Recall                         Summoning/Translocation      3
Comestibles
 f - 4 rations


   Skills:
 + Level 0.9 Fighting
 + Level 0.9 Short Blades
 + Level 0.9 Long Blades
 + Level 0.9 Axes
 + Level 0.9 Maces & Flails
 + Level 0.9 Polearms
 + Level 0.9 Staves
 + Level 0.9 Slings
 + Level 0.9 Bows
 + Level 0.9 Crossbows
 + Level 4.5 Throwing
 + Level 0.9 Armour
 + Level 0.9 Dodging
 + Level 0.9 Stealth
 + Level 0.9 Shields
 + Level 0.9 Unarmed Combat
 + Level 11.2 Spellcasting
 + Level 0.6 Conjurations
 + Level 0.6 Hexes
 + Level 0.6 Charms
 + Level 5.4 Summonings
 + Level 0.6 Necromancy
 + Level 0.6 Translocations
 + Level 0.6 Transmutations
 + Level 0.6 Fire Magic
 + Level 0.6 Ice Magic
 + Level 0.6 Air Magic
 + Level 0.6 Earth Magic
 + Level 0.6 Poison Magic
 + Level 1.0 Invocations
 + Level 0.9 Evocations


You had 17 spell levels left.
You knew the following spells:

 Your Spells              Type           Power        Failure   Level  Hunger
a - Summon Small Mammal   Summ           ###.         1%          1    None
b - Call Imp              Summ           ###.....     1%          2    None
c - Mephitic Cloud        Conj/Pois/Air  #.......     22%         3    None
z - Shock                 Conj/Air       #...         7%          1    None


Dungeon Overview and Level Annotations

Branches:
Dungeon (2/15)

Altars:

Annotations:
D:2 Natasha


Innate Abilities, Weirdness & Mutations

Your experience applies equally to all skills.
You have very sharp teeth.
Your uncanny sense of smell can sniff out nearby items.


Message History

Your rat bites the crimson imp but does no damage.
The jackal barely misses your crimson imp.
Your crimson imp misses the jackal.
The crimson imp blinks!
The jackal misses your crimson imp.
Your crimson imp blinks!
Your crimson imp hits the jackal but does no damage.
Natasha claws your white imp. The jackal barely misses you.
Your crimson imp hits Natasha.
Natasha stares at you and mumbles some strange words.
The magic dart hits your crimson imp. The jackal closely misses you.
Your crimson imp hits Natasha but does no damage.
Natasha mumbles some strange words.
You swap places.
The jackal bites you but does no damage.
Your white imp completely misses the crimson imp.
Your rat closely misses the crimson imp.
Your crimson imp hits the jackal.
The jackal barely misses you. Natasha claws you.
You die...

##.............##
##..####
##...........######..##
#.......###........## ##
#.......# #######..#
##... ##.....## ##.##...#
##.....## #....#
#.......#### ####...##
#......5.h5####.....###
#........#@#...[.....<#
##....(#wh......<.....#
##...#.5.............#
######r5#..###<.........
#......###..##........##.
###..†## ##.##.#####.#..
#....+ .... .... #..P..#
...# ... #..≈P.w.......
..


You could see a worm, Natasha, a crimson imp, a shadow imp, a jackal, a friendly
crimson imp, a friendly white imp and a friendly rat.

Vanquished Creatures
  An adder (D:2)
  2 dart slugs
  4 bats (D:1)
  A giant cockroach (D:1)
  3 goblins (D:1)
  3 jackals
  A frilled lizard (D:1)
  5 kobolds
  4 rats
24 creatures vanquished.

Vanquished Creatures (collateral kills)
  An adder (D:2)
  A dart slug (D:1)
  A leopard gecko (D:1)
  A bat (D:2)
  3 jackals
  A kobold (D:1)
8 creatures vanquished.

Grand Total: 32 creatures vanquished

Notes
Turn   | Place    | Note
-------+----------+-------------------------------------------
     0 | D:1      | Reached skill level 11 in Spellcasting
     0 | D:1      | varam the Gnoll Wanderer began the quest for the Orb.
     0 | D:1      | varam set off with: a book of Minor Magic, the Tome of Air, the Volume of Companions, a +0 robe, a +0 club, a ration
     0 | D:1      | Reached XP level 1. HP: 13/13 MP: 12/12
     0 | D:1      | Identified the Tome of Air
     0 | D:1      | Identified the Volume of Companions
    57 | D:1      | Learned a level 1 spell: Summon Small Mammal
    59 | D:1      | Learned a level 1 spell: Shock
   139 | D:1      | Reached XP level 2. HP: 19/19 MP: 8/14
   418 | D:1      | Reached XP level 3. HP: 24/25 MP: 4/15
   700 | D:1      | Learned a level 2 spell: Call Imp
   704 | D:1      | Learned a level 3 spell: Mephitic Cloud
   781 | D:2      | Reached skill level 1 in Invocations
   862 | D:2      | Noticed Natasha
   867 | D:2      | HP: 1/25 [Natasha/magic dart (9)]
   871 | D:2      | Slain by Natasha

Vault maps used:
D:1:      matt_arrival_los_fun, minmay_tall_x
D:2:      tso_oasis_becter, uniq_natasha

Skill      XL: |  1  2  3 |
---------------+----------+-----
Spellcasting   | | 11.2
Invocations    | 1 |  1.0
Fighting       | |  0.9
Short Blades   | |  0.9
Long Blades    | |  0.9
Axes           | |  0.9
Maces & Flails | |  0.9
Polearms       | |  0.9
Staves         | |  0.9
Slings         | |  0.9
Bows           | |  0.9
Crossbows      | |  0.9
Throwing       | |  4.5
Armour         | |  0.9
Dodging        | |  0.9
Stealth        | |  0.9
Shields        | |  0.9
Unarmed Combat | |  0.9
Conjurations   | |  0.6
Hexes          | |  0.6
Charms         | |  0.6
Summonings     | |  5.4
Necromancy     | |  0.6
Translocations | |  0.6
Transmutations | |  0.6
Fire Magic     | |  0.6
Ice Magic      | |  0.6
Air Magic      | |  0.6
Earth Magic    | |  0.6
Poison Magic   | |  0.6
Evocations     | |  0.9

Action                   || total
-------------------------++-------
Melee: Club              ||     5
       Dagger            ||     4
 Cast: Shock             ||    46
       Summon Small Mamm ||    14
       Call Imp          ||     3
Armor: Robe              ||    14
Dodge: Dodged            ||    44

Table legend:
 A = Spawn XP
 B = Non-spawn XP
 C = Spawn XP percentage of total XP
 D = Spawn monster count
 E = Non-spawn monster count
 F = Spawn count percentage of total count
 G = Total turns spent on level
                    A         B        C        D         E        F      G
               +---------+---------+-------+---------+---------+-------+---------
         Total |       0 |      72 |   0.0 |       0 |      32 |   0.0 |   871
               +---------+---------+-------+---------+---------+-------+---------
           D:1 |       0 |      39 |   0.0 |       0 |      22 |   0.0 |   733
           D:2 |       0 |      33 |   0.0 |       0 |      10 |   0.0 |   138
               +---------+---------+-------+---------+---------+-------+---------
